 Dungeon Crawl Stone Soup version 0.28.0-47-ge53b351184 (webtiles) character file.

Game seed: 12550816652477938555

3145 Exodus22XD the Severer (level 9, 0/75 HPs)
             Began as a Minotaur Fighter on May 8, 2022.
             Was a Priest of Okawaru.
             Slain by an orc warrior
             ... wielding a +0 halberd
              (17 damage)
             ... in a bailey.
             The game lasted 00:09:25 (6649 turns).

Exodus22XD the Severer (Minotaur Fighter)           Turns: 6649, Time: 00:09:26

Health: 0/75       AC: 19    Str: 30    XL:     9   Next: 62%
Magic:  10/10      EV:  8    Int:  5    God:    Okawaru [***...]
Gold:   185        SH:  5    Dex: 13    Spells: 8/8 levels left

rFire   . . .      SeeInvis .   v - +4 hand axe "Pomaos" {pain, Contam rElec Str+6 Dex+2}
rCold   . . .      Faith    .   c - +0 buckler
rNeg    . . .      Spirit   .   s - +0 chain mail
rPois   .          Reflect  .   (helmet restricted)
rElec   +          Harm     .   (no cloak)
rCorr   .          Rampage  .   u - +2 pair of gloves
Will    .....                   k - +0 pair of boots
Stlth   ..........              (no amulet)
HPRegen 0.22/turn               (no ring)
MPRegen 0.12/turn               g - +4 ring of protection

@: no status effects
A: horns 2, retaliatory headbutt
a: Renounce Religion, Heroism


You were in a bailey.
You worshipped Okawaru.
Okawaru was most pleased with you.
You visited 1 branch of the dungeon, and saw 7 of its levels.
You also visited: Bailey.

You collected 185 gold pieces.

Inventory:

Hand Weapons
 a - a +0 war axe
 p - a +1 vorpal trident
 v - the +4 hand axe "Pomaos" (weapon) {pain, Contam rElec Str+6 Dex+2}
   (You took it off a hobgoblin on level 2 of the Dungeon)

   In the hands of one skilled in necromantic magic, it inflicts extra damage on
   living creatures.
   Str:       It affects your strength (+6).
   Dex:       It affects your dexterity (+2).
   rElec:     It insulates you from electricity.
   Contam:    It causes magical contamination when unequipped.
Armour
 c - a +0 buckler (worn)
 k - a +0 pair of boots (worn)
 s - a +0 chain mail (worn)
 u - a +2 pair of gloves (worn)
Jewellery
 g - a +4 ring of protection (right hand)
 x - a ring of fire
Wands
 b - a wand of digging (5)
 w - a wand of paralysis (12)
Scrolls
 d - a scroll of noise {unknown}
 e - a scroll of blinking {unknown}
 f - 3 scrolls of immolation
 m - a scroll of vulnerability
 n - 2 scrolls of teleportation
 q - a scroll of brand weapon {unknown}
 t - a scroll of holy word {unknown}
Potions
 h - 6 potions of curing
 l - 4 potions of lignification {unknown}
 o - a potion of degeneration {unknown}
 r - 2 potions of ambrosia {unknown}
 z - a potion of brilliance {unknown}
 A - a potion of heal wounds {unknown}


   Skills:
 + Level 6.1 Fighting
 - Level 16.1 Axes
 + Level 7.0 Armour
 + Level 5.5 Shields
 * Level 3.9 Invocations


You had 8 spell levels left.
You didn't know any spells.
Your spell library was empty.

Dungeon Overview and Level Annotations

Branches:
Dungeon (7/15)             Temple (0/1) D:5          Bailey (1/1)

Altars:
Okawaru
Ru

Shops:
D:4 [

Annotations:
D:4 1 runed translucent door, 101zpm's ghost, novice DjFE


Innate Abilities, Weirdness & Mutations

You have a pair of horns on your head.
You reflexively headbutt those who attack you in melee.


Message History

You slash the orc knight! Your headbutt misses the orc knight.
The orc knight is almost dead.
The orc knight hits you with a +0 trident.
You hit the orc knight.
The orc knight is almost dead.
The orc knight hits you with a +0 trident!
* * * LOW HITPOINT WARNING * * *
You closely miss the orc knight.
The orc knight is almost dead.
You hit the orc knight but do no damage.
The orc knight is almost dead.
The orc knight hits you but does no damage.
You slice the orc knight!!
You kill the orc knight!
Okawaru is honoured by your kill.
Your base Fighting skill increases to level 6!
Your base Armour skill increases to level 7!
You feel like a meek peon again.
You close the door.
You open the door.
There is an open door here.
You close the door.
There is a gate leading back out of this place here.
The orc warrior shouts!
An orc warrior opens the door.
The orc warrior shouts!
You block the orc warrior's attack.
The orc warrior hits you but does no damage.
The orc warrior hits you from afar with a +0 halberd!
The orc warrior hits you but does no damage.
The orc warrior completely misses you.
The orc warrior hits you from afar with a +0 halberd!
* * * LOW HITPOINT WARNING * * *
The orc warrior hits you from afar with a +0 halberd.
* * * LOW HITPOINT WARNING * * *
You block the orc warrior's attack. You block the orc warrior's attack.
The orc warrior hits you but does no damage.
The orc warrior hits you from afar with a +0 halberd!
You die...

#.≈)..##.##.§≈≈.....≈≈..##.##.o≈≈
#∩.≈≈..#+#..≈≈...⌠.§.§≈..#'#..≈≈.
##.≈≈..# ...§..⌠∩⌠.)....#'#..≈≈.
#.≈≈..## #..§≈.....≈≈..## ##..≈≈
#.≈..## #..§≈≈§≈≈≈..## ##..≈
#.≈.## #.........## ##.≈
#.≈.#############o###+#########)≈
#.≈....).....##.....##......)...≈
#.≈≈≈≈≈≈≈≈≈≈..##@∩.##..≈≈≈)≈≈≈≈≈≈
#........).≈≈.o##.##..≈≈.........
##########..≈≈.o###..≈≈..########
##..≈≈...).≈≈..## ##..≈≈≈≈≈≈≈..##
##.........## ###########


You could see 3 orc warriors.

Vanquished Creatures
  An orc knight (Bailey)
  An ice beast (D:6)
  An orc warrior (Bailey)
  A sky beast (D:7)
  A black bear (D:4)
  4 ogres
  A centaur (D:6)
  A phantom (D:6)
  A centaur zombie (D:5)
  5 hounds
  4 iguanas
  Natasha (thrice) (D:2)
  A hound zombie (D:5)
  A hound skeleton (D:5)
  A howler monkey skeleton (D:6)
  3 adders
  7 gnolls
  A shadow imp (D:6)
  An ufetubus (D:4)
  An adder skeleton (D:4)
  10 dart slugs (D:4)
  27 orcs
  7 endoplasms
  3 giant cockroaches
  8 goblins
  8 hobgoblins
  10 jackals
  3 quokkas
  7 ball pythons
  5 bats
  4 frilled lizards
  8 kobolds
  2 rats (D:1)
142 creatures vanquished.

Notes
Turn   | Place    | Note
-------+----------+-------------------------------------------
     0 | D:1      | Exodus22XD the Minotaur Fighter began the quest for the
                  | Orb.
     0 | D:1      | Reached XP level 1. HP: 19/19 MP: 0/0
   239 | D:1      | Reached XP level 2. HP: 27/27 MP: 1/1
  1216 | D:2      | Noticed Natasha
  1217 | D:2      | Noticed a crimson imp
  1219 | D:2      | Noticed a crimson imp
  1228 | D:2      | Killed Natasha
  1229 | D:2      | Reached skill level 3 in Axes
  1229 | D:2      | Reached XP level 3. HP: 12/33 MP: 2/2
  1443 | D:2      | Reached XP level 4. HP: 18/40 MP: 3/3
  1688 | D:2      | Found a sacrificial altar of Ru.
  1698 | D:2      | Reached skill level 4 in Axes
  1742 | D:2      | Noticed Natasha
  1748 | D:2      | Killed Natasha
  1817 | D:2      | Reached XP level 5. HP: 44/47 MP: 4/4
  1962 | D:2      | Found a faded altar of an unknown god.
  1985 | D:2      | Identified the +4 hand axe "Pomaos" {pain, Contam rElec
                  | Str+6 Dex+2}
  2051 | D:2      | Noticed Natasha
  2059 | D:2      | Killed Natasha
  2097 | D:2      | Prayed at the altar of an unknown god.
  2097 | D:2      | Became a worshipper of Warmaster Okawaru
  2097 | D:2      | Reached * piety under Okawaru
  2853 | D:3      | Reached skill level 5 in Axes
  3317 | D:3      | Reached skill level 5 in Armour
  3551 | D:4      | Reached XP level 6. HP: 45/53 MP: 5/5
  3772 | D:4      | Reached skill level 6 in Axes
  3772 | D:4      | Reached skill level 1 in Invocations
  3935 | D:4      | Found Vinehoj's Armour Shoppe.
  4131 | D:4      | Found a runed translucent door.
  4131 | D:4      | Noticed 101zpm's ghost (novice DjFE)
  4425 | D:5      | Entered Level 5 of the Dungeon
  4429 | D:5      | Reached ** piety under Okawaru
  4471 | D:5      | Found a staircase to the Ecumenical Temple.
  4477 | D:5      | Reached XP level 7. HP: 60/60 MP: 7/7
  4669 | D:5      | Reached skill level 5 in Fighting
  4932 | D:5      | Reached skill level 7 in Axes
  5707 | D:6      | Reached skill level 5 in Shields
  5707 | D:6      | Reached XP level 8. HP: 69/69 MP: 9/9
  5812 | D:6      | Reached skill level 8 in Axes
  6155 | D:7      | Reached skill level 16 in Axes
  6155 | D:7      | Reached XP level 9. HP: 74/74 MP: 10/10
  6248 | D:7      | Found a flagged portal.
  6274 | Bailey   | Entered a bailey
  6364 | Bailey   | Reached *** piety under Okawaru
  6448 | Bailey   | Noticed an orc knight
  6448 | Bailey   | Noticed an orc knight
  6549 | Bailey   | Killed an orc knight
  6649 | Bailey   | Slain by an orc warrior

Illustrated notes

Levels and vault maps discovered:
D:1:      saegor_arrival_simple_e, layout_basic
D:2:      layout_loops_ring, nicolae_ecumenical_lake_church, basic_altar,
          amcnicky_mini_rare_corridor_liquid, minmay_misc_feat_alley,
          minmay_misc_feat_square, uniq_natasha
D:3:      layout_loops_ring, serial_forest, infiniplex_forest_split,
          infiniplex_forest_lined_room_2, infiniplex_forest_diagonal,
          infiniplex_forest_clump_long, infiniplex_forest_clump_medium,
          infiniplex_forest_clump_tiny
D:4:      kennysheep_slugbush, layout_rooms, serial_shops,
          nicolae_shop_window_shopping, ebering_ghost_reflecting_pool
D:5:      layout_loops_ring, minmay_temple_entry_large_hall
D:6:      layout_cave_pods
D:7:      layout_gridville, amethyst_overflow_temple_binary, enter_bailey_5,
          st_stairs_7, uniq_menkaure
Bailey:   bailey_polearm_1, bailey

Skill      XL: |  1  2  3  4  5  6  7  8  9 |
---------------+----------------------------+-----
Armour         | 4 5 6 7 |  7.0
Shields        | 4 5 |  5.5
Fighting       | 4 5 6 |  6.1
Axes           | 3 4 5 6 7 16 | 16.1
Invocations    | 1 2 3 |  3.9

Action                   |  1- 3 |  4- 6 |  7- 9 || total
-------------------------+-------+-------+-------++-------
Melee: War axe           |    94 |   161 |     4 ||   259
       Headbutt          |     8 |    15 |    25 ||    48
       Hand axe          |       |       |   155 ||   155
Invok: Heroism           |       |       |     1 ||     1
  Use: Potion            |     1 |       |     1 ||     2
       Scroll            |       |     1 |     4 ||     5
Armor: Scale mail        |    49 |    75 |       ||   124
       Chain mail        |       |    32 |    86 ||   118
Dodge: Dodged            |    45 |    88 |    67 ||   200
Block: Buckler           |    28 |    30 |    42 ||   100
